 Dungeon Crawl Stone Soup version 0.28.0 (webtiles) character file.

Game seed: 10927734494902778813

32 Host24 the Bolt Thrower (level 3, -1/22 HPs)
             Began as a Kobold Hunter on Feb 5, 2022.
             Succumbed to a kobold's poison
             ... on level 1 of the Dungeon.
             The game lasted 00:02:00 (1013 turns).

Host24 the Bolt Thrower (Kobold Hunter)             Turns: 1013, Time: 00:02:00

Health: -1/22      AC:  3    Str: 11    XL:     3   Next: 45%
Magic:  3/3        EV: 14    Int: 12    God:
Gold:   48         SH:  0    Dex: 15    Spells: 2/2 levels left

rFire   . . .      SeeInvis .   a - +1 hand crossbow
rCold   . . .      Faith    .   (no shield)
rNeg    . . .      Spirit   .   c - +0 leather armour
rPois   .          Reflect  .   (no helmet)
rElec   .          Harm     .   (no cloak)
rCorr   .          Rampage  .   (no gloves)
Will    .....                   (no boots)
Stlth   +++.......              (no amulet)
HPRegen 0.07/turn               (no ring)
MPRegen 0.08/turn               (no ring)

@: lethally poisoned (-1 -> -16)
A: small, no large weapons, nightstalker 3
a: no special abilities


You were on level 1 of the Dungeon.
You visited 1 branch of the dungeon, and saw 1 of its levels.

You collected 48 gold pieces.

Inventory:

Hand Weapons
 a - a +1 hand crossbow (weapon)
 e - a +2 dagger of venom
Missiles
 b - 43 stones
 d - 18 bolts (quivered ammo)
Armour
 c - a +0 leather armour (worn)


   Skills:
 + Level 2.4 Fighting
 - Level 6.0 Crossbows
 - Level 2.4 Dodging
 - Level 1.3 Stealth


You had 2 spell levels left.
You didn't know any spells.
Your spell library was empty.

Dungeon Overview and Level Annotations

Branches:
Dungeon (1/15)

Altars:

Shops:
D:1 [


Innate Abilities, Weirdness & Mutations

You are small and have problems with some larger weapons.
You are completely attuned to the shadows.


Message History

Press: ? - help, Q - select action, (/) - cycle Shift-Dir - straight line, f/p - endoplasm
Aim: an endoplasm (heavily wounded, 88% to hit)
You shoot a bolt.
The bolt hits the endoplasm but does no damage.
The endoplasm is heavily wounded.
The endoplasm closely misses you.
Fire: 15 bolts
Press: ? - help, Q - select action, (/) - cycle Shift-Dir - straight line, f/p - endoplasm
Aim: an endoplasm (heavily wounded, 88% to hit)
You shoot a bolt. The bolt hits the endoplasm!
You kill the endoplasm!
Unknown command.
d - 17 bolts (gained 3)
There is a fountain of clear blue water here.
d - 18 bolts (gained 1)
d - 19 bolts (gained 1)
There is a fountain of clear blue water here.
A kobold comes into view. It is wielding a +2 dagger of venom.
Things that are here:
a +0 short sword; a hobgoblin skeleton; a frilled lizard skeleton
Okay, then.
Your +2 dagger of venom begins to drip with poison!
e - a +2 dagger of venom (weapon)
The kobold hits you with a +2 dagger of venom.
You are poisoned.
You closely miss the kobold.
You feel very sick.
The kobold hits you with a +2 dagger of venom.
You are lethally poisoned!
Your +2 dagger of venom stops dripping with poison.
a - a +1 hand crossbow (weapon)
You feel sick.
The kobold hits you with a +2 dagger of venom.
* * * LOW HITPOINT WARNING * * *
You feel very sick.
Fire: 19 bolts
Press: ? - help, Q - select action, (/) - cycle Shift-Dir - straight line, f - kobold
Aim: a kobold, wielding a +2 dagger of venom, wearing a +0 scale mail and quivering stones (64% to hit)
You shoot a bolt. The bolt closely misses the kobold.
You die...

#.....♣♣..⌠.<.⌠...♣#.... #.#
##.#.#..∩.......∩.♣......#.##
#.#.#♣♣♣∩..⌠..∩♣♣.#.#####..#
#.. #§♣..∩...∩♣..## ##..
#§.♣♣♣∩.∩..♣8...# ##.
§§§.♣♣..♣♣♣....## #.
...♣..♣...♣♣..... ##
.....♣♣)♣♣....... #
.......@.... .. #
.......K..#. ............
...........# ......(..##
##.....(#


You could see a kobold.

Vanquished Creatures
  A dart slug (D:1)
  6 endoplasms (D:1)
  A goblin (D:1)
  A hobgoblin (D:1)
  10 jackals (D:1)
  2 kobolds (D:1)
  A ball python (D:1)
  2 frilled lizards (D:1)
  A rat (D:1)
25 creatures vanquished.

Notes
Turn   | Place    | Note
-------+----------+-------------------------------------------
     0 | D:1      | Host24 the Kobold Hunter began the quest for the Orb.
     0 | D:1      | Reached XP level 1. HP: 12/12 MP: 1/1
    65 | D:1      | Reached skill level 5 in Crossbows
    74 | D:1      | Reached XP level 2. HP: 15/17 MP: 2/2
   107 | D:1      | Found Miylon's Antique Armour Boutique.
   561 | D:1      | Reached XP level 3. HP: 15/21 MP: 3/3
   628 | D:1      | HP: 1/21 [frozen (5)]
   646 | D:1      | Reached skill level 6 in Crossbows
  1013 | D:1      | Succumbed to a kobold's poison

Illustrated notes

Levels and vault maps discovered:
D:1:      heliophobic_arrival_enchanted_forest, layout_rooms, serial_shops,
          nicolae_shop_hallway_plus, nicolae_shop_stone, shop,
          chequers_ecumenical_altar_simple_redux

Skill      XL: |  1  2  3 |
---------------+----------+-----
Crossbows      | 5 6 |  6.0
Fighting       | |  2.4
Dodging        | |  2.4
Stealth        | |  1.3

Action                   || total
-------------------------++-------
Melee: Dagger            ||    47
 Fire: Hand crossbow     ||    16
 Stab: Sleeping          ||     2
Armor: Leather armour    ||     6
Dodge: Dodged            ||    38
